 Dungeon Crawl Stone Soup version 0.20.1-1-g8b1a95d (webtiles) character file.

7377 Monsterracer the Cleaver (level 10, 81/94 HPs)
             Began as a Deep Dwarf Fighter on Oct 19, 2017.
             Quit the game on level 3 of the Dungeon.
             The game lasted 00:09:44 (5464 turns).

Monsterracer the Cleaver (Deep Dwarf Fighter)       Turns: 5464, Time: 00:09:45

Health: 81/94      AC: 19    Str: 23    XL:     10   Next: 92%
Magic:  0/0        EV:  8    Int: 15    God:
Gold:   437        SH: 15    Dex: 10    Spells: 9/9 levels left

rFire    + . .     SeeInvis .   y - +0 broad axe
rCold    . . .     Gourm    .   c - +0 shield
rNeg     . . .     Faith    .   g - +3 chain mail {MR+}
rPois    +         Spirit   .   r - +0 helmet
rElec    .         Reflect  +   n - +0 cloak
rCorr    .         Harm     .   e - +1 pair of gloves
MR       ++...     Clarity  +   (no boots)
Stlth    ..........             t - +4 amulet of reflection
Regen    0.0/turn               q - ring of Soitoras {+Fly rF+ Str-3 Int+7}
MPRegen  0.1/turn               a - +2 ring of strength

@: non-regenerating
A: damage resistance, heal wounds, clarity, clumsy 1, sense surroundings 2,
poison resistance, no regeneration
a: Heal Wounds, Evoke Flight


You were on level 3 of the Dungeon.
You were hungry.

You visited 2 branches of the dungeon, and saw 10 of its levels.

You collected 437 gold pieces.

Inventory:

Hand Weapons
 b - a +0 flail of protection
 y - a +0 broad axe (weapon)
 A - a cursed -2 battleaxe
Armour
 c - a +0 shield (worn)
 e - a +1 pair of gloves (worn)
 g - a +3 chain mail of magic resistance (worn)
 n - a +0 cloak (worn)
 r - a +0 helmet (worn)
Jewellery
 a - a +2 ring of strength (right hand)
 h - the ring of Generosity {rPois rF- rC+ Int+5}
   (You found it on level 4 of the Dungeon)

   [ring of protection from cold]

   It affects your intelligence (+5).
   It makes you vulnerable to fire.
   It protects you from cold.
   It protects you from poison.
 q - the ring of Soitoras (left hand) {+Fly rF+ Str-3 Int+7}
   (You found it on level 6 of the Dungeon)

   [ring of flight]

   It affects your strength (-3).
   It affects your intelligence (+7).
   It protects you from fire.
   It lets you fly.
 t - a +4 amulet of reflection (around neck)
 w - an uncursed ring of fire
 G - an uncursed ring of poison resistance
Wands
 m - a wand of lightning (6/15)
 z - a wand of flame (6/48)
 B - a wand of acid (15/15)
Scrolls
 d - 2 scrolls of fear
 l - a scroll of fog
 F - a scroll of remove curse
Potions
 i - 2 potions of lignification
 k - a potion of mutation
 p - a potion of ambrosia
 s - 2 potions of flight
 u - a potion of curing
 v - a potion of brilliance
 x - 3 potions of heal wounds
 C - a potion of agility
 E - a potion of berserk rage
 H - a potion of cancellation {unknown}
 I - a potion of haste {unknown}
 K - a potion of magic {unknown}
Comestibles
 f - 3 bread rations
 j - 12 royal jellies
 o - 3 meat rations
 D - a fruit


   Skills:
 + Level 7.5 Fighting
 * Level 11.6 Axes
 + Level 8.7 Armour
 - Level 1.9 Dodging
 + Level 9.0 Shields


You had 9 spell levels left.
You didn't know any spells.

Dungeon Overview and Level Annotations

Branches:
Dungeon (9/15)             Temple (1/1) D:6             Orc (0/2) D:9
   Lair: D:8-11

Altars:
Ashenzari
Cheibriados
Elyvilon
Fedhas
Gozag
Hepliaklqana
Kikubaaqudgha
Nemelex Xobeh
Okawaru
Qazlal
Ru
Sif Muna
Trog
Uskayaw
Vehumet
Xom
Yredelemnul
Zin
The Shining One


Innate Abilities, Weirdness & Mutations

You are resistant to damage.
You can heal yourself by infusing magical energy.
You passively map the area around you.
You do not regenerate.
You possess an exceptional clarity of mind.
You are clumsy. (Dex -2)
Your system is resistant to poisons. (rPois)


Message History

You block dscm's ghost's attack.
Your shield and chain mail prevent you from hitting dscm's ghost.
You block dscm's ghost's attack.
You miss dscm's ghost.
Dscm's ghost hits you but does no damage.
You closely miss dscm's ghost. You block dscm's ghost's attack.
You hit dscm's ghost.
Dscm's ghost is heavily damaged.
You block dscm's ghost's attack.
You closely miss dscm's ghost.
Dscm's ghost is heavily damaged.
You block dscm's ghost's attack.
You closely miss dscm's ghost.
Dscm's ghost is heavily damaged.
Dscm's ghost says, "I'll show you the great annihilating truth!"
Dscm's ghost hits you!
Damage: -7%(-6hp) hp: 65%(61hp)
You closely miss dscm's ghost.
Dscm's ghost is heavily damaged.
Dscm's ghost barely misses you.
You miss dscm's ghost.
Dscm's ghost is heavily damaged.
You block dscm's ghost's attack.
You miss dscm's ghost.
Dscm's ghost is heavily damaged.
Dscm's ghost closely misses you.
Dscm's ghost hits you but does no damage.
You miss dscm's ghost.
Dscm's ghost is heavily damaged.
You block dscm's ghost's attack.
You miss dscm's ghost.
Dscm's ghost is heavily damaged.
You block dscm's ghost's attack.
Press: ? - help, v - describe, . - travel
Here: dscm's ghost (heavily damaged)
The floor.
You miss dscm's ghost.
Dscm's ghost is heavily damaged.
You block dscm's ghost's attack.
You closely miss dscm's ghost.
Dscm's ghost is heavily damaged.
Dscm's ghost hits you but does no damage.
You miss dscm's ghost.
Dscm's ghost is heavily damaged.
Dscm's ghost hits you but does no damage.
You miss dscm's ghost.
Dscm's ghost is heavily damaged.
You block dscm's ghost's attack.
You hit dscm's ghost but do no damage.
Dscm's ghost is heavily damaged.
Dscm's ghost hits you!
Damage: -4%(-4hp) hp: 61%(57hp)
You closely miss dscm's ghost.
Dscm's ghost is heavily damaged.
Dscm's ghost hits you but does no damage.
You closely miss dscm's ghost.
Dscm's ghost is heavily damaged.
Dscm's ghost closely misses you.
You barely miss dscm's ghost.
Dscm's ghost is heavily damaged.
You block dscm's ghost's attack.
You closely miss dscm's ghost.
Dscm's ghost is heavily damaged.
You block dscm's ghost's attack.
You slash dscm's ghost!
You destroy dscm's ghost!
You see here 19 poisoned needles.
A frilled lizard comes into view.
The frilled lizard moves out of view.
The frilled lizard is too close now for your liking.
Your magical essence is drained by the effort!
You feel much better.
Your chain mail prevents you from hitting the frilled lizard.
The frilled lizard bites you but does no damage.
You slash the frilled lizard!
You kill the frilled lizard!
No target in view!
No target in view!
No target in view!
You are feeling hungry.
Found 14 arrows.
You don't have enough innate magic capacity.
A hobgoblin comes into view. It is wielding a club.
A hobgoblin is nearby!
A hobgoblin is nearby!
You hit the hobgoblin.
The hobgoblin is heavily wounded.
You block the hobgoblin's attack.
You barely miss the hobgoblin.
The hobgoblin is heavily wounded.
The hobgoblin barely misses you.
You barely miss the hobgoblin.
The hobgoblin is heavily wounded.
The hobgoblin hits you but does no damage.
You slash the hobgoblin!
You kill the hobgoblin!
No target in view!
No target in view!
No target in view!
Are you sure you want to abandon this character and quit the game? (Confirm with "yes".)

* * **#.# #.#######( *
, #.# #.######.. , *
#.# #.##...... , *
#.#######.##.###.. * ,
#...........#.###. *,
.#######..######.##.##
#. * ..........#
#.#### #. .#######.##
#.# #. ,** * *** #@#
#.# #. , ,,.......)#
#.# #. ,*########( #.#
## * , ,, .., #.# ,,,
, * ... ###.# **
#.###...# *.# #.###
#### , *.# #.# #... *
* #.# #.##


There were no monsters in sight!

Vanquished Creatures
  Erica (D:8)
  Psyche (D:9)
  Grinder (D:4)
  Prince Ribbit (D:8)
  5 yaks (D:5)
  Sigmund (D:6)
  3 hungry ghosts
  Grum (D:8)
  Edmund (D:4)
  4 wargs (D:9)
  Duvessa (D:5)
  5 ice beasts
  3 orc warriors
  A black bear (D:8)
  2 phantoms
  2 sky beasts
  3 wolves (D:8)
  A centaur (D:7)
  4 ogres
  4 bullfrogs
  A gnoll sergeant (D:9)
  Dowan (D:5)
  2 scorpions
  4 killer bees (D:7)
  2 howler monkeys
  7 crimson imps
  3 hounds
  6 jellies
  3 orc priests
  3 orc wizards
  2 bullfrog skeletons
  2 iguanas
  10 worker ants
  A hound zombie (D:6)
  The ghost of dscm the Ducker, a weakling FeFi of Ru (D:3)
  A hound skeleton (D:6)
  A howler monkey zombie (D:5)
  Robin (D:2)
  8 gnolls
  5 adders
  2 shadow imps
  5 oozes (D:9)
  2 adder skeletons
  An adder zombie (D:6)
  3 worms
  3 leopard geckos
  24 orcs
  2 ball pythons
  3 bats
  2 giant cockroaches (D:2)
  17 goblins
  10 hobgoblins
  5 jackals
  3 quokkas
  5 frilled lizards
  2 kobolds
  3 rats
201 creatures vanquished.

Notes
Turn   | Place    | Note
-------+----------+-------------------------------------------
     0 | D:1      | Monsterracer the Deep Dwarf Fighter began the quest for the Orb.
     0 | D:1      | Reached XP level 1. HP: 20/20 MP: 1/1
   104 | D:2      | Reached XP level 2. HP: 24/27 MP: 2/2
   112 | D:2      | Noticed Robin
   119 | D:2      | Killed Robin
   123 | D:2      | Reached XP level 3. HP: 14/34 MP: 3/3
   127 | D:2      | Reached skill level 1 in Dodging
   210 | D:3      | Reached skill level 3 in Axes
   267 | D:4      | Noticed Edmund
   298 | D:4      | Killed Edmund
   298 | D:4      | Reached XP level 4. HP: 25/42 MP: 4/4
   298 | D:4      | Reached XP level 5. HP: 29/49 MP: 5/5
   318 | D:4      | Got a faintly glowing glass ring
   319 | D:4      | Identified the ring of Generosity {rPois rF- rC+ Int+5} (You found it on level 4 of the Dungeon)
   332 | D:4      | Reached skill level 4 in Axes
   388 | D:4      | Found a stormy altar of Qazlal.
   392 | D:4      | Found a blossoming altar of Fedhas.
   456 | D:5      | Entered Level 5 of the Dungeon
   456 | D:5      | Noticed Duvessa
   456 | D:5      | Noticed Dowan
   477 | D:5      | Killed Duvessa
   477 | D:5      | Reached XP level 6. HP: 54/57 MP: 5/5
   504 | D:5      | Killed Dowan
   592 | D:5      | Reached skill level 5 in Axes
   745 | D:5      | Found an iron altar of Okawaru.
   752 | D:5      | Reached XP level 7. HP: 49/64 MP: 5/5
   959 | D:5      | Noticed a yak
   959 | D:5      | Noticed a yak
   962 | D:5      | Noticed a yak
   964 | D:5      | Noticed a yak
   973 | D:5      | Killed a yak
   973 | D:5      | Reached skill level 6 in Axes
   973 | D:5      | Reached skill level 5 in Armour
   973 | D:5      | Reached skill level 5 in Shields
   975 | D:5      | Killed a yak
   978 | D:5      | Noticed a yak
   983 | D:5      | Killed a yak
   983 | D:5      | Reached XP level 8. HP: 34/73 MP: 5/5
   989 | D:5      | Reached skill level 7 in Axes
   999 | D:5      | Reached skill level 5 in Fighting
  1021 | D:4      | Found a shimmering altar of Xom.
  1327 | D:5      | Gained mutation: You are clumsy. (Dex -2) [mutagenic meat]
  1328 | D:5      | Gained mutation: You possess an exceptional clarity of mind. [mutagenic meat]
  1329 | D:5      | Gained mutation: Your system is resistant to poisons. (rPois) [mutagenic meat]
  1434 | D:6      | Noticed Sigmund
  1555 | D:6      | Reached skill level 8 in Axes
  1600 | D:6      | Killed Sigmund
  1600 | D:6      | Gained mutation: You passively map the area around you. [Deep Dwarf growth]
  1600 | D:6      | Reached XP level 9. HP: 65/81 MP: 5/5
  1690 | D:6      | Got a glittering tin ring
  1691 | D:6      | Identified the ring of Soitoras {+Fly rF+ Str-3 Int+7} (You found it on level 6 of the Dungeon)
  1878 | D:6      | Found a staircase to the Ecumenical Temple.
  1891 | Temple   | Entered the Ecumenical Temple
  2210 | D:7      | Reached skill level 9 in Axes
  2249 | D:7      | Found a deep blue altar of Sif Muna.
  2648 | D:7      | Found an ancient bone altar of Kikubaaqudgha.
  2804 | D:8      | Reached skill level 10 in Axes
  2950 | D:8      | Noticed Erica
  2971 | D:8      | Killed Erica
  2971 | D:8      | Reached XP level 10. HP: 72/92 MP: 3/3
  3084 | D:8      | Noticed Grum
  3118 | D:8      | Killed Grum
  3284 | D:8      | Noticed Prince Ribbit
  3369 | D:8      | Killed Prince Ribbit
  3692 | D:9      | Found a staircase to the Orcish Mines.
  3767 | D:9      | Reached skill level 11 in Axes
  3902 | D:9      | Noticed Psyche
  3904 | D:9      | Found a shimmering altar of Xom.
  4477 | D:9      | Killed Psyche
  4635 | D:4      | Noticed Grinder
  4656 | D:4      | Killed Grinder
  5281 | D:3      | Found a glowing golden altar of the Shining One.
  5281 | D:3      | Found a glowing silver altar of Zin.
  5282 | D:3      | Found a white marble altar of Elyvilon.
  5406 | D:3      | Noticed dscm's ghost (weakling FeFi)
  5430 | D:3      | Killed dscm's ghost
  5464 | D:3      | Quit the game

Skill      XL: |  1  2  3  4  5  6  7  8  9 10 |
---------------+-------------------------------+-----
Fighting       | 3 4 5 6 7 |  7.5
Dodging        | 1 |  1.9
Axes           | 3 4 5 6 8 10 11 | 11.6
Armour         | 4 5 6 7 8 |  8.7
Shields        | 4 5 6 7 9 |  9.0

Action                   |  1- 3 |  4- 6 |  7- 9 | 10-12 || total
-------------------------+-------+-------+-------+-------++-------
Melee: War axe           |    73 |   107 |   373 |       ||   553
       Broad axe         |       |       |    22 |   335 ||   357
 Abil: Heal Wounds       |     2 |     3 |     9 |     6 ||    20
  Use: Scroll            |     2 |     4 |    10 |     5 ||    21
       Potion            |     1 |       |     1 |       ||     2
  Eat: Chunk             |       |       |    13 |    11 ||    24
       Fruit             |       |       |       |     1 ||     1
Armor: Scale mail        |    53 |       |       |       ||    53
       Chain mail        |       |    60 |   201 |   129 ||   390
Dodge: Dodged            |    39 |    25 |    58 |    71 ||   193
Block: Shield            |    59 |    57 |   234 |   272 ||   622
       Reflection        |       |       |       |     1 ||     1

Vault maps used:
D:1:      minmay_arrival_plants_in_alcoves
D:2:      lemuel_crystal_altar, chequers_ecumenical_altar_lobes,
          minmay_ruptured, uniq_robin
D:3:      good_gods_temple_1, grunt_dithmenos_smoke
D:4:      cheibrodos_greedy_goblins, grunt_temple_overflow_forces_of_nature,
          nicolae_overflow_hidden_temple, uniq_grinder, uniq_edmund
D:5:      okawaru_altar_gauntlet_db, first_bread, uniq_duvessa
D:6:      minmay_temple_entry_grid, uniq_sigmund
D:7:      old_standard_altar, nicolae_overflow_crystal_walls
D:8:      kennysheep_generic_room_8, uniq_erica, uniq_prince_ribbit1, uniq_grum
D:9:      minmay_orc_entry_guard_dogs, basic_altar,
          hangedman_little_slice_of_home, st_stairs_13, uniq_psyche
Temple:   jpeg_temple_alley_garden
